 Dungeon Crawl Stone Soup version 0.20-a0-993-gba41c3c (webtiles) character file.

669804 Gorice the Slayer (level 27, -7/195 HPs)
             Began as a Kobold Enchanter on Mar 25, 2017.
             Was the Champion of Okawaru.
             Killed from afar by an orb of fire (29 damage)
             ... with a fireball
             ... on level 5 of the Realm of Zot on Apr 11, 2017.
             The game lasted 13:30:11 (105904 turns).

Gorice the Slayer (Kobold Enchanter)              Turns: 105904, Time: 13:30:13

Health: -7/195     AC: 36    Str: 23    XL:     27
Magic:  33/37      EV: 36    Int: 22    God:    Okawaru [******]
Gold:   4347       SH:  9    Dex: 26    Spells: 4/47 levels left

rFire    + . .     SeeInvis .   h - +9 eudemon blade (holy)
rCold    + + .     Gourm    .   T - +1 buckler "Fuzoulua" {Str+4 Dex+6}
rNeg     . . .     Faith    .   y - +3 faerie dragon scales {rPois rCorr}
rPois    +         Spirit   .   I - +2 helmet {Int+3}
rElec    +         Reflect  .   H - +2 cloak {MR+}
rCorr    +         Harm     .   c - +2 pair of gloves {Dex+3}
MR       ++++.                  N - +2 pair of boots {run}
Stlth    ++++......             L - amulet of regeneration
Regen    0.9/turn               A - ring of Doubts {rElec rC+ MR+}
MPRegen  0.3/turn               W - +5 ring of protection

@: mighty, resistant, hasted, very quick
A: carnivore 3, MP-powered wands
}: 3/15 runes: decaying, serpentine, silver
a: Heroism, Finesse, Renounce Religion


You were on level 5 of the Realm of Zot.
You worshipped Okawaru.
Okawaru was exalted by your worship.
You were completely stuffed.

You visited 11 branches of the dungeon, and saw 53 of its levels.
You also visited: Bailey and Ice Cave.

You collected 8066 gold pieces.
You spent 3719 gold pieces at shops.

Inventory:

Hand Weapons
 a - the +10 dagger "Zameom" {pierce, +Inv Str+3}
   (Okawaru gifted it to you on level 1 of the Lair of Beasts)

   It inflicts extra damage upon your enemies.
   It affects your strength (+3).
   It lets you turn invisible.
 b - the +8 quick blade of Popular Demand {drain, Int+9 SInv Stlth-}
   (Okawaru gifted it to you on level 1 of the Vaults)

   A truly terrible weapon, it drains the life of those it strikes.
   It affects your intelligence (+9).
   It lets you see invisible.
   It makes you less stealthy.
 h - a +9 eudemon blade of holy wrath (weapon)
   (You took it off Mennas on level 2 of the Depths)
 B - a +0 blowgun
Missiles
 v - 15 curare-tipped needles
 Y - 2 throwing nets (quivered)
Armour
 c - a +2 pair of gloves of dexterity (worn)
   (Okawaru gifted it to you on level 5 of the Realm of Zot)
 y - the +3 faerie dragon scales (worn) {rPois rCorr}
   (You took it off the Enchantress on level 2 of the Depths)

   It protects you from poison.
   It protects you from acid and corrosion.
 H - a +2 cloak of magic resistance (worn)
   (Okawaru gifted it to you on level 3 of the Snake Pit)
 I - a +2 helmet of intelligence (worn)
   (You found it on level 5 of the Vaults)
 N - a +2 pair of boots of running (worn)
   (Okawaru gifted it to you on level 3 of the Vaults)
 T - the +1 buckler "Fuzoulua" (worn) {Str+4 Dex+6}
   (Okawaru gifted it to you on level 15 of the Dungeon)

   It affects your strength (+4).
   It affects your dexterity (+6).
Jewellery
 o - an uncursed ring of see invisible
 A - the ring of Doubts (left hand) {rElec rC+ MR+}
   (You found it on level 13 of the Dungeon)

   [ring of protection from magic]

   It protects you from cold.
   It insulates you from electricity.
   It affects your resistance to hostile enchantments.
 J - an uncursed ring of protection from fire
 L - an amulet of regeneration (around neck)
 W - a +5 ring of protection (right hand)
Wands
 r - a wand of scattershot (3/9)
 u - a wand of digging (12/24)
 E - a wand of clouds (4/9)
Scrolls
 f - 9 scrolls of magic mapping {!r}
 j - 19 scrolls of remove curse
 k - 2 scrolls of fog
 p - 17 scrolls of identify
 C - 2 scrolls of silence {!r}
 P - 11 scrolls of teleportation {!r}
 U - 11 scrolls of blinking
 Z - a scroll of fear {!r}
Potions
 d - 8 potions of berserk rage
 g - 12 potions of mutation {!q}
 i - 5 potions of resistance {!q}
 m - 8 potions of might {!q}
 q - 6 potions of agility {!q}
 w - 6 potions of haste {!q}
 x - 21 potions of curing
 G - a potion of magic {!q}
 K - 5 potions of brilliance {!q}
 M - 8 potions of heal wounds {!q}
 R - 6 potions of cancellation {!q}
 S - a potion of invisibility {!q}
Miscellaneous
 e - a lamp of fire
 l - 2 phantom mirrors
 D - 2 sacks of spiders
 O - 5 boxes of beasts
Comestibles
 n - 31 meat rations {!e}
 s - a royal jelly


   Skills:
 + Level 25.8 Fighting
 - Level 10.0(15.9) Short Blades
 - Level 13.5(14.0) Long Blades
 - Level 22.0 Armour
 - Level 22.0 Dodging
 - Level 8.1 Stealth
 - Level 5.6 Shields
 + Level 10.8 Spellcasting
 - Level 14.0 Hexes
 - Level 5.0 Charms
 - Level 13.7 Summonings
 - Level 5.0 Necromancy
 - Level 7.0 Translocations
 + Level 9.0 Invocations
 - Level 12.0 Evocations


You had 4 spell levels left.
You knew the following spells:

 Your Spells              Type           Power        Failure   Level  Hunger
a - Corona                Hex            ######.      1%          1    None
b - Ensorcelled Hibernat  Hex/Ice        #####.       1%          2    None
c - Confuse               Hex            ######..     1%          3    None
d - Tukima's Dance        Hex            ######..     1%          3    None
e - Dazzling Spray        Conj/Hex       #####.       1%          3    None
f - Lesser Beckoning      Tloc           #####.....   1%          3    None
g - Summon Mana Viper     Hex/Summ       ######..     1%          5    ####...
h - Shadow Creatures      Summ           N/A          4%          6    ######.
w - Spectral Weapon       Hex/Chrm       ######..     1%          3    None
A - Apportation           Tloc           #####.       1%          1    None
B - Summon Butterflies    Summ           ######..     1%          1    None
D - Aura of Abjuration    Summ           ######....   1%          5    ####...
J - Blink                 Tloc           N/A          1%          2    None
R - Regeneration          Chrm/Necr      ####......   2%          3    None
S - Swiftness             Chrm/Air       ###.....     3%          2    None


Dungeon Overview and Level Annotations

Branches:
Dungeon (15/15)            Temple (1/1) D:7            Lair (6/6) D:8
  Swamp (4/4) Lair:3        Snake (4/4) Lair:2        Slime (0/5) Lair:5
    Orc (2/2) D:10            Elf (3/3) Orc:2        Vaults (5/5) D:13
  Crypt (3/3) Vaults:2       Tomb (0/3) Crypt:3      Depths (5/5) D:15
    Zot (5/5) Depths:5

Altars:
Ashenzari
Cheibriados
Dithmenos
Elyvilon
Fedhas
Gozag
Hepliaklqana
Kikubaaqudgha
Makhleb
Nemelex Xobeh
Okawaru
Qazlal
Ru
Sif Muna
Trog
Uskayaw
Vehumet
Wu Jian
Xom
Yredelemnul
Zin
The Shining One
Beogh
Jiyva

Shops:
D:6 *[(   D:8 (   Orc:1 !*%([   Orc:2 =(*[?   Elf:1 *   Elf:2 [?!(}   Snake:2 *
Snake:3 !   Vaults:2 %(%(   Vaults:3 %   Vaults:4 ?   Vaults:5 ?   Depths:1 (

Portals:
Hell: Depths:1 Depths:2 Depths:3 Depths:4 Depths:5
Abyss: Depths:1 Depths:4
Pandemonium: Depths:3 Depths:5
Ziggurat: Depths:3

Annotations:
D:11 pUX: shafted here
Swamp:2 Aizul
Snake:2 exclusion: Roxanne, Roxanne
Snake:3 Vashnia


Innate Abilities, Weirdness & Mutations

You are small and have problems with some larger weapons.
You are carnivorous and can eat meat at any time.
You expend magic power (3 MP) to strengthen your wands.


Message History

Your spectral weapon shares its damage with you!
Your spectral weapon fades away.
Damage: 13 (max 13)
You slice the orb of fire!!
The orb of fire is moderately damaged.
Unknown command.
You barely miss the orb of fire.
The orb of fire is moderately damaged.
Unknown command.
You completely miss the orb of fire.
The orb of fire is moderately damaged.
Unknown command.
Unknown command.
You completely miss the orb of fire.
The orb of fire is moderately damaged.
You miss the orb of fire.
The orb of fire is moderately damaged.
Unknown command.
Casting: Spectral Weapon
Confirm with . or Enter, or press ? or * to list all spells.
You draw out your weapon's spirit!
The orb of fire glows yellow.
The bolt of fire hits you!
* * * LOW HITPOINT WARNING * * *
Damage: 57 (max 57)
You completely miss the orb of fire.
The orb of fire is moderately damaged.
You slice the orb of fire!!
The orb of fire is heavily damaged.
Your spectral weapon hits the orb of fire but does no damage.
You miss the orb of fire.
The orb of fire is heavily damaged.
Your spectral weapon hits the orb of fire but does no damage.
You closely miss the orb of fire.
The orb of fire is heavily damaged.
Your spectral weapon completely misses the orb of fire.
You slash the orb of fire!
The orb of fire is severely damaged.
Your spectral weapon completely misses the orb of fire.
The orb of fire glows deep purple.
The bolt of fire hits you!
* * * LOW HITPOINT WARNING * * *
Damage: 56 (max 57) Unknown command.
Unknown command.
Really quaff
i - 6 potions of resistance {!q}?
You feel protected.
The orb of fire glows yellow.
The fireball explodes!
The fireball engulfs you! You resist.
You die...

.............# ##............,,,
#...........## #.............,,,
#...........# #................
#...........## #................
.............# #................
..!..........## #................
.........^....###........^.^.....
.###########...###...............
#* ##...@##.............. *
###(*.^..............
#▓▓▓▓▓▓▓▓▓▓###.....
****.....p........
***,,,.............. *
**,,,,,.............. * *********
*,,,,,,..............
***,,,,,,,***,,,,,,..............
**,,,,,,,,,**,,,,,,..............


You could see an orb of fire and a friendly spectral eudemon blade of holy
wrath.

Vanquished Creatures
  3 ancient liches
  Mennas (Depths:2)
  A juggernaut (Depths:4)
  Boris (Vaults:4)
  Frederick (Crypt:1)
  Bai Suzhen (Swamp:4)
  3 caustic shrikes (Depths:4)
  2 Killer Klowns (Zot:5)
  3 curse toes
  13 golden dragons
  the Enchantress (Depths:2)
  3 bone dragons
  An electric golem (Zot:5)
  8 liches
  Jorgrun (Snake:3)
  29 tentacled monstrosities
  8 Orb Guardians (Zot:5)
  7 titans
  11 quicksilver dragons
  4 deep elf blademasters (Elf:2)
  3 deep elf master archers (Elf:3)
  8 shadow dragons
  4 ancient champions (Crypt:3)
  7 sphinxes
  10 death cobs
  7 tengu reavers
  4 draconian monks
  Donald (Snake:2)
  12 storm dragons
  The ghost of feelmyfire the Unseen, an adept VSEn of Kikubaaqudgha (Vaults:1)
  2 revenants
  14 nagarajas
  2 fire giants
  3 daevas (Depths:2)
  3 ghost moths
  11 draconian scorchers
  7 deep elf sorcerers
  10 frost giants
  An iron dragon (Depths:5)
  2 orc warlords
  6 draconian stormcallers
  5 draconian knights
  3 draconian shifters
  5 curse skulls
  11 vault wardens
  2 ghouls (Crypt:3)
  9 ironheart preservers
  The ghost of Ratty the Blocker, a journeyman MiBe of Trog (D:14)
  A deep elf elementalist (Elf:3)
  3 angels
  13 draconian annihilators
  5 spriggan defenders
  A war gargoyle (Vaults:5)
  3 entropy weavers
  11 very ugly things
  19 stone giants
  5 vampire knights
  11 green draconians
  13 black draconians
  9 deep elf demonologists
  Nessos (Lair:5)
  13 white draconians
  11 purple draconians
  5 spark wasps
  16 red draconians
  A dire elephant (Lair:2)
  10 yellow draconians
  9 deep elf annihilators
  4 eidola
  10 ettins
  4 jiangshi
  6 deep elf death magi
  2 minotaurs (Depths:3)
  Josephine (Swamp:1)
  A fire dragon (shapeshifter) (Depths:4)
  3 deep elf high priests
  25 yaktaur captains
  8 great orbs of eyes
  22 vault guards
  18 fire dragons
  5 rakshasas
  2 quicksilver dragon skeletons
  14 ice dragons
  Erolcha (D:11)
  16 anacondas
  4 spriggan air magi
  11 naga warriors
  25 hydras
  44 two-headed ogres
  4 death knights
  11 alligators
  9 vampire magi
  13 centaur warriors
  5 tengu warriors
  6 death yaks
  15 ogre magi
  12 naga sharpshooters
  13 deep troll shamans
  11 shock serpents
  3 spriggan berserkers
  38 dancing weapons
  9 deep troll earth magi
  5 hell knights
  4 soul eaters
  A shock serpent (shapeshifter) (Vaults:5)
  6 orc high priests
  7 iron trolls
  22 deep elf knights
  3 titan skeletons
  42 skeletal warriors
  2 fire crabs (shapeshifter) (Vaults:3)
  5 salamander mystics
  A golden dragon zombie (Crypt:1)
  2 unseen horrors (shapeshifter)
  5 shadow wraiths
  5 unseen horrors
  2 storm dragon skeletons
  2 sea snakes (shapeshifter)
  7 wizards
  5 spriggan druids
  6 cherubim (Depths:2)
  3 flayed ghosts
  40 deep trolls
  3 glowing orange brains
  8 naga ritualists
  10 phantasmal warriors
  2 wolf spider zombies
  15 deep elf archers
  Pikel (D:5)
  A harpy (Vaults:1)
  A harpy (shapeshifter) (D:13)
  13 ironbrand convokers
  A lindwurm (shapeshifter) (Depths:4)
  10 swamp dragons
  2 anaconda skeletons (Crypt:3)
  10 orc knights
  62 deep elf magi
  2 shambling mangroves (Swamp:4)
  A golden dragon skeleton (Depths:1)
  11 necromancers
  A frost giant zombie (Depths:1)
  6 manticores
  8 mana vipers
  7 salamanders
  A faun (shapeshifter) (Depths:3)
  7 wolf spiders
  8 orc sorcerers
  41 ugly things
  5 cyclopes
  21 elephants
  32 moths of wrath
  4 fire giant skeletons
  An iron dragon skeleton (Crypt:3)
  13 naga magi
  2 fire giant zombies
  44 black mambas
  2 stone giant skeletons
  5 guardian serpents
  2 frost giant skeletons (Crypt:3)
  3 centaur zombies
  A spriggan skeleton (Depths:1)
  2 spiny frogs (shapeshifter)
  17 vault sentinels
  A torpor snail (shapeshifter) (Depths:4)
  22 spiny frogs
  68 yaktaurs
  4 gargoyles
  5 rime drakes
  An iron troll zombie (Crypt:3)
  16 komodo dragons
  2 komodo dragons (shapeshifter)
  2 anaconda simulacra
  A spriggan zombie (Depths:1)
  14 freezing wraiths
  A white draconian skeleton (Crypt:3)
  A red devil (Depths:5)
  2 yaktaur skeletons
  3 human skeletons
  7 trolls
  2 harpy zombies
  2 jumping spiders (shapeshifter)
  2 polar bears
  8 tyrant leeches
  A wind drake (shapeshifter) (D:13)
  3 meliai (D:14)
  18 hornets
  14 bog bodies
  A hydra skeleton (Crypt:3)
  17 blink frogs
  A blink frog (shapeshifter) (Vaults:3)
  2 tengu simulacra
  2 fire giant simulacra
  A harpy skeleton (Crypt:2)
  48 slime creatures
  A frost giant simulacrum (Vaults:3)
  2 ice dragon zombies
  An ettin zombie (Vaults:3)
  9 hippogriffs
  7 redbacks
  19 flying skulls
  A tarantella (Vaults:1)
  2 wyverns
  15 spriggans
  5 shadows
  22 yaks
  2 vampires (Depths:3)
  3 ice dragon skeletons
  3 air elementals
  A redback (shapeshifter) (Depths:4)
  4 ettin skeletons
  4 tarantellas (shapeshifter)
  An alligator skeleton (Crypt:2)
  5 water elementals
  11 wraiths
  A wyvern (shapeshifter) (Depths:1)
  2 steam dragons (Lair:6)
  7 basilisks
  A hog (shapeshifter) (Vaults:2)
  A yak (shapeshifter) (Vaults:1)
  A human simulacrum (Vaults:1)
  3 fire elementals
  A black mamba skeleton (Crypt:3)
  30 vampire mosquitoes
  12 insubstantial wisps
  3 wargs
  22 nagas
  7 acid dragons
  23 swamp worms
  A deep troll zombie (Crypt:1)
  16 water moccasins
  A hydra simulacrum (Crypt:1)
  An acid dragon (shapeshifter) (Depths:5)
  A floating eye (Depths:4)
  A water nymph skeleton (Crypt:1)
  A gelid demonspawn skeleton (Crypt:1)
  8 porcupines
  A spiny frog skeleton (Crypt:3)
  13 swamp drakes
  2 necrophages
  32 orc warriors
  2 eyes of draining (shapeshifter)
  6 ice beasts
  5 sky beasts
  3 elf zombies
  An alligator simulacrum (Crypt:2)
  2 phantoms
  A black bear (shapeshifter) (Vaults:2)
  An ice dragon simulacrum (Depths:1)
  A human zombie (Vaults:3)
  A blink frog zombie (Crypt:3)
  7 boggarts
  A black bear (D:11)
  A hog zombie (Crypt:1)
  A manticore zombie (Crypt:1)
  7 wolves
  A hornet zombie (D:9)
  30 ogres
  26 centaurs
  14 crocodiles
  A big kobold (D:6)
  An elephant skeleton (Crypt:1)
  24 bullfrogs
  A deep troll simulacrum (Vaults:3)
  6 earth elementals
  2 scorpions (D:13)
  A killer bee (D:12)
  An elf simulacrum (Vaults:3)
  An orc simulacrum (Vaults:2)
  2 wights
  A howler monkey (D:4)
  3 electric eels
  7 crimson imps
  4 jellies
  A quasit (D:12)
  A basilisk zombie (Crypt:2)
  7 bullfrog zombies
  A jelly (shapeshifter) (Vaults:1)
  Crazy Yiuf (D:4)
  3 centaur skeletons
  A demonspawn zombie (Crypt:3)
  5 bullfrog skeletons
  8 hounds
  23 orc priests
  31 orc wizards
  An iron imp (Depths:5)
  5 iguanas
  Ijyb (D:4)
  A basilisk skeleton (Crypt:2)
  5 worker ants
  A dwarf zombie (Crypt:2)
  A sky beast zombie (Crypt:2)
  A centaur simulacrum (Crypt:1)
  A naga zombie (Crypt:2)
  An ogre skeleton (Crypt:3)
  2 tengu skeletons
  2 worker ant zombies
  12 gnolls
  13 adders
  5 shadow imps
  A white imp (Depths:3)
  An ooze (D:1)
  An adder zombie (Crypt:2)
  2 adder skeletons
  A worm (D:2)
  4 dart slugs
  12 leopard geckos
  73 orcs
  A ball python (D:6)
  8 bats
  3 giant cockroaches
  19 goblins
  25 hobgoblins
  21 jackals
  17 kobolds
  5 quokkas
  2 frilled lizards
  2 jackal skeletons
  A leopard gecko skeleton (Crypt:3)
  5 rats
  A rat zombie (Crypt:1)
  4 fungi
  7 spectral weapons
  A withered plant (Crypt:3)
2451 creatures vanquished.

Vanquished Creatures (collateral kills)
  A juggernaut (Depths:4)
  Saint Roka (Vaults:4)
  A golden dragon (Vaults:5)
  Asterion (Elf:1)
  2 ancient champions
  A storm dragon (Vaults:5)
  5 tengu reavers
  3 deep elf sorcerers (Elf:3)
  A ghost moth (Zot:3)
  2 frost giants
  4 vault wardens
  Louise (Snake:3)
  A deep elf elementalist (Elf:3)
  2 draconian shifters (Zot:4)
  A draconian stormcaller (Zot:4)
  An ironheart preserver (Vaults:4)
  A stone giant (Depths:4)
  A draconian annihilator (Zot:4)
  4 vampire knights
  2 black draconians
  3 green draconians
  2 red draconians
  2 deep elf demonologists
  2 white draconians
  2 deep elf annihilators (Elf:3)
  A yellow draconian (Zot:4)
  A deep elf death mage (Crypt:3)
  5 ettins
  3 yaktaur captains
  12 vault guards
  4 naga warriors (Snake:4)
  12 two-headed ogres
  A death knight (Crypt:3)
  2 ogre magi (Depths:2)
  A spriggan berserker (Depths:1)
  2 deep elf knights
  2 hell knights (Depths:1)
  4 naga sharpshooters
  An iron troll (Depths:3)
  9 skeletal warriors
  An ironbrand convoker (Vaults:4)
  4 naga ritualists
  A deep elf archer (Elf:2)
  A necromancer (Depths:1)
  4 orc knights
  A phantasmal warrior (Crypt:1)
  5 deep elf magi
  A salamander (Snake:4)
  A cyclops (Vaults:2)
  2 orc sorcerers
  A centaur zombie (D:13)
  A black mamba (Snake:2)
  A moth of wrath (Zot:3)
  2 vault sentinels (Vaults:3)
  6 naga magi
  3 yaktaurs
  A tengu conjurer (Depths:4)
  An ettin skeleton (Crypt:3)
  A spriggan (Depths:1)
  2 air elementals
  38 nagas
  27 orc warriors
  7 ogres
  2 wights (D:14)
  10 orc priests
  6 orc wizards
  2 gnolls (Bailey)
  20 orcs
  2 hobgoblins (Bailey)
  2 goblins (Bailey)
263 creatures vanquished.

Vanquished Creatures (others)
  A naga warrior (Depths:3)
  63 dancing weapons
  An ironbrand convoker (Vaults:3)
  2 deep elf magi
  A yaktaur (Depths:1)
  A naga (Snake:3)
  An orc warrior (Elf:2)
  2 slaves (D:5)
  A boggart (Depths:3)
  5 ogres
  An orc priest (Orc:2)
  2 jackals (D:5)
  2 bushes
  40 fungi
  21 plants
  131 spectral weapons
  8 withered plants (Crypt:3)
283 creatures vanquished.

Grand Total: 2997 creatures vanquished

Notes
Turn   | Place    | Note
-------+----------+-------------------------------------------
     0 | D:1      | Gorice the Kobold Enchanter began the quest for the Orb.
     0 | D:1      | Reached XP level 1. HP: 10/10 MP: 3/3
    86 | D:1      | HP: 2/10 [jackal (3)]
    92 | D:1      | HP: 1/10 [rat (1)]
   399 | D:1      | HP: 3/10 [bat (1)]
   404 | D:1      | HP: 2/10 [bat (1)]
   419 | D:1      | Reached XP level 2. HP: 3/15 MP: 1/5
   423 | D:1      | Learned a level 2 spell: Ensorcelled Hibernation
   774 | D:1      | Reached skill level 2 in Short Blades
  1006 | D:1      | Reached XP level 3. HP: 19/19 MP: 4/6
  1042 | D:1      | Learned a level 3 spell: Confuse
  1600 | D:1      | HP: 5/19 [ooze (2)]
  1607 | D:1      | HP: 5/19 [ooze (1)]
  1608 | D:1      | Reached skill level 4 in Hexes
  1949 | D:1      | Reached XP level 4. HP: 8/24 MP: 1/7
  1949 | D:1      | HP: 7/24 [poisoned by an adder]
  2353 | D:1      | Reached skill level 3 in Short Blades
  2524 | D:1      | --wow xpl4 and 32% on level 1!
  2632 | D:2      | Found a stormy altar of Qazlal.
  2632 | D:2      | Found a shadowy altar of Dithmenos.
  2641 | D:2      | Found an iron altar of Okawaru.
  2641 | D:2      | Found a deep blue altar of Sif Muna.
  2649 | D:2      | Became a worshipper of Warmaster Okawaru
  2743 | D:2      | Found a faded altar of an unknown god.
  3035 | D:2      | Reached skill level 1 in Invocations
  3035 | D:2      | Reached XP level 5. HP: 22/28 MP: 3/8
  3902 | D:3      | Found a glowing silver altar of Zin.
  3911 | D:3      | Reached skill level 5 in Hexes
  4406 | D:4      | Found a glowing golden altar of the Shining One.
  4430 | D:4      | Reached XP level 6. HP: 23/32 MP: 3/9
  4592 | D:4      | Reached skill level 2 in Invocations
  4825 | D:4      | Noticed Ijyb
  4873 | D:4      | Killed Ijyb
  4873 | D:4      | Reached skill level 4 in Short Blades
  4976 | D:4      | Found a runed door.
  4980 | D:4      | Noticed Crazy Yiuf
  4984 | D:4      | Killed Crazy Yiuf
  5139 | D:5      | Entered Level 5 of the Dungeon
  5148 | D:5      | Found a sparkling altar of Nemelex Xobeh.
  5198 | D:5      | Reached * piety under Okawaru
  5198 | D:5      | Reached skill level 6 in Hexes
  5198 | D:5      | Reached XP level 7. HP: 15/36 MP: 2/10
  5532 | D:5      | Noticed Pikel
  5548 | D:5      | Reached skill level 5 in Short Blades
  5563 | D:5      | Found a basalt altar of Yredelemnul.
  5564 | D:5      | Found a sparkling altar of Nemelex Xobeh.
  5598 | D:5      | Killed Pikel
  5598 | D:5      | Reached ** piety under Okawaru
  5598 | D:5      | Reached skill level 6 in Short Blades
  5598 | D:5      | Reached skill level 7 in Hexes
  5598 | D:5      | Reached XP level 8. HP: 28/41 MP: 0/11
  5823 | D:5      | Reached skill level 14 in Hexes
  5823 | D:5      | Reached XP level 9. HP: 45/45 MP: 12/12
  5828 | D:5      | Learned a level 3 spell: Tukima's Dance
  5832 | D:5      | Learned a level 3 spell: Dazzling Spray
  6551 | D:5      | Reached skill level 7 in Short Blades
  6671 | D:5      | Found a hazy altar of Hepliaklqana.
  6704 | D:6      | Found Lath's General Store.
  6818 | D:6      | Found Diolusiwn's Antique Weapon Emporium.
  6860 | D:6      | Found a hide-covered altar of Uskayaw.
  6911 | D:6      | Found Offixtent's Antique Armour Emporium.
  7265 | D:6      | Reached skill level 1 in Fighting
  7284 | D:6      | Bought a pair of glowing gloves for 142 gold pieces
  7403 | D:6      | Reached *** piety under Okawaru
  7542 | D:7      | Found a white marble altar of Elyvilon.
  7610 | D:7      | Reached skill level 3 in Spellcasting
  7664 | D:7      | Got a bronze scale mail
  7708 | D:7      | Identified the +7 scale mail of Bitterness {Dex+3} (You found it on level 7 of the Dungeon)
  7709 | D:7      | --nice
  7831 | D:7      | Found a sacrificial altar of Ru.
  7934 | D:7      | Found a staircase to the Ecumenical Temple.
  7946 | Temple   | Entered the Ecumenical Temple
  8195 | D:8      | Reached skill level 8 in Short Blades
  8195 | D:8      | Reached XP level 10. HP: 53/53 MP: 14/14
  8295 | D:8      | Reached skill level 2 in Fighting
  8295 | D:8      | Reached skill level 1 in Armour
  8479 | D:8      | Found a staircase to the Lair.
  8530 | D:8      | Found Vafaegan's Weapon Shoppe.
  8673 | D:8      | Noticed a two-headed ogre
  8675 | D:8      | Noticed a two-headed ogre
  8689 | D:7      | Killed a two-headed ogre
  8689 | D:7      | Reached skill level 3 in Fighting
  8689 | D:7      | Reached skill level 2 in Armour
  8767 | D:8      | Killed a two-headed ogre
  8767 | D:8      | Reached **** piety under Okawaru
  8767 | D:8      | Reached skill level 9 in Short Blades
  8878 | D:8      | Reached skill level 4 in Fighting
  9039 | Lair:1   | Entered Level 1 of the Lair of Beasts
  9083 | Lair:1   | Reached skill level 3 in Armour
  9108 | Lair:1   | Reached ***** piety under Okawaru
  9220 | Lair:1   | Reached XP level 11. HP: 62/62 MP: 12/15
  9365 | Lair:1   | Noticed a six-headed hydra
  9434 | Lair:1   | Killed a six-headed hydra
  9434 | Lair:1   | Reached skill level 5 in Fighting
  9520 | Lair:1   | Reached skill level 10 in Short Blades
  9788 | Lair:1   | Reached skill level 4 in Armour
  9827 | Lair:1   | Learned a level 2 spell: Blink
 10030 | Lair:1   | Received a gift from Okawaru
 10031 | Lair:1   | Got a slimy dagger {god gift}
 10032 | Lair:1   | Identified the +10 dagger "Zameom" {pierce, +Inv Str+3} (Okawaru gifted it to you on level 1 of the Lair of Beasts)
 10162 | Lair:1   | Noticed an eight-headed hydra
 10176 | Lair:1   | Killed an eight-headed hydra
 10176 | Lair:1   | Reached skill level 6 in Fighting
 10176 | Lair:1   | Reached skill level 4 in Spellcasting
 10321 | Lair:2   | Found a staircase to the Snake Pit.
 10450 | Lair:2   | Found a frozen archway.
 10456 | Lair:2   | HP: 19/66 [rime drake/flash freeze (30)]
 10464 | Lair:2   | Reached skill level 5 in Armour
 10650 | IceCv    | Entered an ice cave
 10766 | IceCv    | Reached skill level 7 in Fighting
 10766 | IceCv    | Reached skill level 5 in Spellcasting
 10783 | IceCv    | Noticed Ijustatesigmund's ghost (adept GrWz)
 10801 | IceCv    | HP: 16/67 [Ijustatesigmund's ghost/iron shot (37)]
 10806 | IceCv    | HP: 12/67 [Ijustatesigmund's ghost (17)]
 11202 | Lair:2   | Reached XP level 12. HP: 50/72 MP: 12/19
 11261 | Lair:1   | Reached ****** piety under Okawaru
 11476 | Lair:2   | Received a gift from Okawaru
 11487 | Lair:2   | Got a slimy scarf {god gift}
 11488 | Lair:2   | Identified the scarf of Leaves {rN++} (Okawaru gifted it to you on level 2 of the Lair of Beasts)
 11788 | Lair:2   | Reached skill level 8 in Fighting
 11788 | Lair:2   | Reached skill level 6 in Armour
 11788 | Lair:2   | Reached skill level 6 in Spellcasting
 12001 | Lair:2   | Noticed a dire elephant
 12357 | Lair:2   | Killed a dire elephant
 12357 | Lair:2   | Reached skill level 9 in Fighting
 12357 | Lair:2   | Reached skill level 7 in Spellcasting
 12497 | Lair:2   | Reached skill level 7 in Armour
 12782 | Lair:3   | Reached XP level 13. HP: 80/80 MP: 16/24
 12787 | Lair:3   | Found a staircase to the Swamp.
 12987 | Lair:3   | Noticed a six-headed hydra
 13238 | Lair:3   | Noticed a five-headed hydra
 13249 | Lair:3   | Killed a five-headed hydra
 13249 | Lair:3   | Received a gift from Okawaru
 13466 | Lair:3   | Reached skill level 8 in Spellcasting
 13553 | Lair:3   | Reached skill level 10 in Fighting
 13553 | Lair:3   | Reached skill level 1 in Translocations
 14073 | Lair:3   | Killed a six-headed hydra
 14073 | Lair:3   | Reached skill level 2 in Translocations
 14442 | Lair:3   | Upgraded the game from 0.20-a0-920-gb18bc0f to 0.20-a0-923-g548304e
 14465 | Lair:3   | Reached skill level 8 in Armour
 14580 | Lair:4   | Reached skill level 3 in Translocations
 14823 | Lair:4   | Reached skill level 3 in Dodging
 15770 | Lair:5   | Reached skill level 4 in Dodging
 15845 | Lair:5   | Noticed Nessos
 15857 | Lair:5   | Killed Nessos
 15857 | Lair:5   | Reached skill level 4 in Translocations
 15954 | Lair:4   | Received a gift from Okawaru
 16228 | Lair:5   | Noticed a four-headed hydra
 16241 | Lair:5   | Killed a four-headed hydra
 16248 | Lair:5   | Reached skill level 11 in Fighting
 16248 | Lair:5   | Reached skill level 5 in Dodging
 16387 | Lair:5   | Reached XP level 14. HP: 90/90 MP: 13/26
 16425 | Lair:4   | Reached skill level 5 in Translocations
 16884 | Lair:5   | Found a staircase to the Slime Pits.
 16884 | Lair:5   | Found a viscous altar of Jiyva.
 17171 | Lair:5   | Reached skill level 6 in Dodging
 17552 | Lair:6   | Entered Level 6 of the Lair of Beasts
 17568 | Lair:6   | Received a gift from Okawaru
 17569 | Lair:6   | Got an ichor-stained dagger {god gift}
 17573 | Lair:6   | Identified the +6 dagger "Xule" {freeze, rN+ Stlth+} (Okawaru gifted it to you on level 6 of the Lair of Beasts)
 17595 | Lair:6   | Got a scorched pewter ring
 17596 | Lair:6   | Identified the ring "Raim" {Dex+4 Stlth+} (You found it on level 6 of the Lair of Beasts)
 17665 | Lair:6   | Reached skill level 6 in Translocations
 17764 | Lair:6   | Reached skill level 7 in Dodging
 18520 | Lair:6   | Learned a level 1 spell: Apportation
 18625 | Lair:6   | Reached skill level 1 in Evocations
 18878 | Lair:6   | Reached skill level 12 in Fighting
 19239 | D:9      | Reached skill level 8 in Dodging
 19258 | D:9      | Reached skill level 2 in Evocations
 19452 | D:9      | Found an ancient bone altar of Kikubaaqudgha.
 19526 | D:10     | Entered Level 10 of the Dungeon
 19531 | D:10     | Found a staircase to the Orcish Mines.
 19544 | D:10     | Received a gift from Okawaru
 19926 | D:10     | Reached skill level 3 in Evocations
 20039 | D:10     | You fall through a shaft!
 20328 | D:11     | HP: 20/92 [death knight (14)]
 20333 | D:11     | Reached skill level 4 in Evocations
 20702 | D:11     | Noticed Erolcha
 21011 | D:11     | Killed Erolcha
 21111 | D:11     | Reached skill level 9 in Dodging
 21176 | D:11     | Reached XP level 15. HP: 97/97 MP: 23/27
 21773 | Orc:1    | Entered Level 1 of the Orcish Mines
 21773 | Orc:1    | Found Vusofil's Armour Shop.
 21773 | Orc:1    | Found Eclint's Antique Weapon Shop.
 21773 | Orc:1    | Noticed a stone giant
 22033 | Orc:1    | Reached skill level 5 in Evocations
 22038 | Orc:1    | Bought a +1 helmet of intelligence for 214 gold pieces
 22100 | Orc:1    | Found Bixiyt's Food Shoppe.
 22209 | Orc:1    | Found Ublozoz's Assorted Antiques.
 22251 | Orc:1    | Bought a bubbling ruby potion for 18 gold pieces
 22251 | Orc:1    | Bought a scroll labeled ULYLUC FUAFIP for 20 gold pieces
 22251 | Orc:1    | Bought a scroll labeled GIETIU IDINK for 20 gold pieces
 22263 | Orc:1    | Found a roughly hewn altar of Beogh.
 22355 | Orc:2    | Entered Level 2 of the Orcish Mines
 22357 | Orc:2    | Found a staircase to the Elven Halls.
 22508 | Orc:2    | Received a gift from Okawaru
 22925 | Orc:2    | Found Wogeg's General Store.
 22931 | Orc:2    | Found Siliwk's Jewellery Shop.
 22934 | Orc:2    | Found Tavyf's Antique Weapon Shop.
 22955 | Orc:2    | Found Onlaihi's Armour Boutique.
 23024 | Orc:2    | Bought a potion of heal wounds for 65 gold pieces
 23029 | Orc:2    | Bought a cursed amulet of inaccuracy for 30 gold pieces
 23403 | Orc:2    | Found Uzyl's Magic Scroll Emporium.
 23407 | Orc:2    | Bought a scroll of blinking for 105 gold pieces
 23547 | Orc:2    | Reached skill level 6 in Evocations
 23668 | Orc:1    | Found Vecyif's Distillery.
 23688 | Orc:1    | Bought a potion of heal wounds for 70 gold pieces
 23688 | Orc:1    | Bought a potion of heal wounds for 70 gold pieces
 23688 | Orc:1    | Bought a potion of heal wounds for 70 gold pieces
 23688 | Orc:1    | Bought a potion of heal wounds for 70 gold pieces
 23725 | Orc:2    | Bought a scroll of brand weapon for 280 gold pieces
 23727 | Orc:2    | Bought 2 scrolls of identify for 56 gold pieces
 24054 | D:11     | Reached skill level 13 in Fighting
 24384 | D:12     | Found a flagged portal.
 24402 | Bailey   | Entered a bailey
 24487 | Bailey   | Found an iron altar of Okawaru.
 25383 | D:12     | Reached skill level 10 in Dodging
 25410 | D:12     | Reached skill level 7 in Evocations
 25537 | D:12     | Learned a level 3 spell: Lesser Beckoning
 25539 | D:12     | Learned a level 1 spell: Summon Butterflies
 25668 | D:12     | Noticed a frost giant
 25679 | D:12     | Noticed a frost giant
 25716 | D:12     | Killed a frost giant
 25719 | D:12     | HP: 24/99 [yaktaur captain/bolt (23)]
 26462 | D:12     | Reached skill level 8 in Evocations
 26465 | D:12     | Received a gift from Okawaru
 26957 | D:12     | Killed a frost giant
 26960 | D:12     | HP: 24/100 [yaktaur captain (16)]
 27302 | D:12     | Noticed a tengu reaver
 27315 | D:12     | Killed a tengu reaver
 27315 | D:12     | Reached skill level 14 in Fighting
 27315 | D:12     | Reached skill level 9 in Armour
 27565 | D:10     | Killed a stone giant
 27732 | D:13     | Received a gift from Okawaru
 27759 | D:13     | Reached XP level 16. HP: 105/106 MP: 20/28
 27761 | D:13     | Got a spiked hat {god gift}
 27782 | D:13     | Identified the +2 hat "Genoomeb" {MR- Regen+ SInv} (Okawaru gifted it to you on level 13 of the Dungeon)
 28412 | D:13     | Found a gate to the Vaults.
 28606 | D:13     | Got a warped leather armour
 28732 | D:13     | Got a crude turquoise ring
 28738 | D:13     | Identified the ring of Doubts {rElec rC+ MR+} (You found it on level 13 of the Dungeon)
 28877 | D:13     | Learned a level 3 spell: Spectral Weapon
 29158 | D:14     | Noticed Ratty's ghost (journeyman MiBe)
 29186 | D:14     | Killed Ratty's ghost
 29186 | D:14     | Reached skill level 10 in Armour
 30229 | D:14     | Reached skill level 15 in Fighting
 30259 | D:15     | Entered Level 15 of the Dungeon
 30494 | D:15     | Found a shadowy altar of Dithmenos.
 30689 | D:15     | Received a gift from Okawaru
 30693 | D:15     | Reached skill level 5 in Stealth
 30694 | D:15     | Got a spiked buckler {god gift}
 30700 | D:15     | Identified the +1 buckler "Fuzoulua" {Str+4 Dex+6} (Okawaru gifted it to you on level 15 of the Dungeon)
 30848 | D:15     | Reached skill level 3 in Invocations
 30910 | D:14     | Identified the +2 leather armour of the Unbroken {rN+} (You found it on level 13 of the Dungeon)
 31586 | D:15     | Found a staircase to the Depths.
 31610 | D:15     | Reached skill level 6 in Stealth
 31849 | Swamp:1  | Entered Level 1 of the Swamp
 32074 | Swamp:1  | Reached skill level 4 in Invocations
 32383 | Swamp:1  | Reached skill level 7 in Stealth
 32629 | Swamp:1  | Noticed Josephine
 32661 | Swamp:1  | Killed Josephine
 32793 | Swamp:1  | Reached skill level 5 in Invocations
 32793 | Swamp:1  | Reached XP level 17. HP: 100/113 MP: 0/29
 33338 | Swamp:2  | Reached skill level 8 in Stealth
 33378 | Swamp:1  | Reached skill level 11 in Armour
 33508 | Swamp:1  | Received a gift from Okawaru
 33508 | Swamp:1  | Reached skill level 1 in Shields
 33509 | Swamp:1  | Got a shimmering troll leather armour {god gift}
 33520 | Swamp:1  | Identified the +1 troll leather armour of the Mind {rPois rC+ Regen+ Stlth+} (Okawaru gifted it to you on level 1 of the Swamp)
 33747 | Swamp:2  | Reached skill level 6 in Invocations
 33793 | Swamp:2  | Reached skill level 2 in Shields
 33819 | Swamp:2  | Noticed Aizul
 33838 | Swamp:2  | HP: 31/113 [Aizul/bolt of poison (38)]
 33843 | Swamp:1  | HP: 24/113 [poisoned by Aizul (bolt of poison)]
 33848 | Swamp:1  | HP: 18/113 [poisoned by Aizul (bolt of poison)]
 33853 | Swamp:1  | HP: 15/113 [poisoned by Aizul (bolt of poison)]
 33858 | Swamp:1  | HP: 14/113 [poisoned by Aizul (bolt of poison)]
 33864 | Swamp:1  | HP: 13/113 [poisoned by Aizul (bolt of poison)]
 33872 | Swamp:1  | HP: 13/113 [poisoned by Aizul (bolt of poison)]
 33880 | Swamp:1  | HP: 13/113 [poisoned by Aizul (bolt of poison)]
 34862 | Swamp:3  | Reached skill level 3 in Shields
 34887 | Swamp:3  | HP: 30/113 [spriggan rider/spear (16)]
 34894 | Swamp:3  | HP: 43/169 [spriggan rider/spear (13)]
 34897 | Swamp:3  | Reached skill level 7 in Invocations
 35639 | Swamp:3  | Reached skill level 4 in Shields
 35905 | Swamp:4  | Entered Level 4 of the Swamp
 35920 | Swamp:3  | Reached skill level 8 in Invocations
 36385 | Swamp:3  | Reached skill level 5 in Shields
 37023 | Swamp:4  | Received a gift from Okawaru
 37265 | Swamp:4  | Reached skill level 9 in Spellcasting
 37283 | Swamp:4  | HP: 32/113 [poisoned by a swamp dragon (poison gas)]
 37288 | Swamp:4  | HP: 22/113 [poisoned by a swamp dragon (poison gas)]
 37293 | Swamp:4  | HP: 19/113 [poisoned by a swamp dragon (poison gas)]
 37298 | Swamp:4  | HP: 11/113 [poisoned by a swamp dragon (poison gas)]
 37304 | Swamp:4  | HP: 9/113 [poisoned by a swamp dragon (poison gas)]
 37730 | Swamp:4  | Reached skill level 1 in Summonings
 37867 | Swamp:4  | Reached skill level 2 in Summonings
 38102 | Swamp:4  | Reached skill level 7 in Translocations
 38118 | Swamp:4  | HP: 21/113 [poison (poison gas)]
 38136 | Swamp:4  | Received a gift from Okawaru
 38140 | Swamp:4  | Reached XP level 18. HP: 36/119 MP: 13/31
 38141 | Swamp:4  | HP: 35/119 [poisoned by a swamp dragon (blast of poison)]
 38147 | Swamp:4  | HP: 34/119 [poisoned by a swamp dragon (blast of poison)]
 38154 | Swamp:4  | HP: 34/119 [poisoned by a swamp dragon (blast of poison)]
 38162 | Swamp:4  | HP: 24/119 [poisoned by a swamp dragon (blast of poison)]
 38490 | Swamp:4  | Got a decaying rune of Zot
 38564 | Swamp:4  | Reached skill level 3 in Summonings
 38802 | Swamp:4  | Noticed Bai Suzhen
 38844 | Swamp:4  | Killed Bai Suzhen
 39223 | Snake:1  | Entered Level 1 of the Snake Pit
 39340 | Snake:1  | Reached skill level 10 in Spellcasting
 39458 | Snake:1  | Reached skill level 4 in Summonings
 40273 | Snake:1  | Reached skill level 5 in Summonings
 40535 | Snake:1  | Received a gift from Okawaru
 40828 | Snake:2  | Found Nuixtuff's Assorted Antiques.
 40932 | Snake:2  | Reached skill level 11 in Dodging
 41022 | Snake:2  | Bought a potion of heal wounds for 185 gold pieces
 41211 | Snake:2  | --wow a stack of 3 ?blinking
 41338 | Snake:2  | Noticed Roxanne
 41406 | Snake:2  | Noticed Donald
 41421 | Snake:2  | Killed Donald
 41907 | Snake:2  | Received a gift from Okawaru
 41908 | Snake:2  | Got a fine hand axe {god gift}
 42012 | Snake:2  | Identified the +7 hand axe of Wealth {holy, Fragile +Rage Str+4 Int+3} (Okawaru gifted it to you on level 2 of the Snake Pit)
 42071 | Snake:3  | Reached skill level 6 in Summonings
 42094 | Snake:3  | Noticed Jorgrun
 42135 | Snake:3  | Killed Jorgrun
 42390 | Snake:3  | Noticed Louise
 42392 | Snake:3  | Noticed Vashnia
 42414 | Snake:3  | Killed Louise
 42435 | Snake:3  | Reached skill level 12 in Armour
 42804 | Snake:3  | Reached skill level 7 in Summonings
 42837 | Snake:3  | Reached XP level 19. HP: 124/124 MP: 18/33
 43025 | Snake:3  | Reached skill level 12 in Dodging
 43210 | Snake:3  | Found Keopraeb's Distillery.
 43221 | Snake:3  | Bought a potion of curing for 48 gold pieces
 43396 | Snake:3  | Received a gift from Okawaru
 43884 | Snake:4  | Entered Level 4 of the Snake Pit
 44048 | Snake:4  | Reached skill level 9 in Evocations
 44792 | Snake:4  | Reached skill level 13 in Dodging
 45001 | Snake:4  | Reached skill level 10 in Evocations
 45417 | Snake:4  | HP: 26/124 [naga sharpshooter/bolt (15)]
 45784 | Snake:3  | Reached skill level 11 in Evocations
 45784 | Snake:3  | HP: 36/124 [something (6)]
 45785 | Snake:3  | Upgraded the game from 0.20-a0-923-g548304e to 0.20-a0-924-gfa95efa
 45939 | Snake:4  | Received a gift from Okawaru
 46328 | Snake:4  | Reached skill level 14 in Dodging
 46693 | Snake:4  | Reached skill level 12 in Evocations
 47134 | Snake:4  | Reached XP level 20. HP: 116/129 MP: 1/34
 47390 | Snake:4  | Got a serpentine rune of Zot
 47708 | Lair:1   | Learned a level 3 spell: Regeneration
 47909 | Vaults:1 | Entered Level 1 of the Vaults
 48156 | Vaults:1 | Reached skill level 15 in Dodging
 48474 | Vaults:1 | Received a gift from Okawaru
 48475 | Vaults:1 | Got a transparent quick blade {god gift}
 48476 | Vaults:1 | Identified the +3 quick blade of Vumus {pain, +Rage Dex+6} (Okawaru gifted it to you on level 1 of the Vaults)
 48825 | Vaults:1 | Noticed feelmyfire's ghost (adept VSEn)
 48852 | Vaults:1 | Killed feelmyfire's ghost
 49439 | Vaults:1 | Reached skill level 16 in Dodging
 49619 | Vaults:1 | Received a gift from Okawaru
 49650 | Vaults:1 | Got a translucent quick blade {god gift}
 49651 | Vaults:1 | Identified the +8 quick blade of Popular Demand {drain, Int+9 SInv Stlth-} (Okawaru gifted it to you on level 1 of the Vaults)
 49924 | Vaults:2 | Found Nugerof's Weapon Shop.
 50140 | Vaults:2 | Reached skill level 16 in Fighting
 50309 | Vaults:2 | Found Estroax Duna's Food Shop.
 50420 | Vaults:2 | Found Geas's Weapon Shoppe.
 50520 | Vaults:2 | Reached skill level 17 in Dodging
 50603 | Vaults:2 | Found a staircase to the Crypt.
 50604 | Vaults:2 | Received a gift from Okawaru
 50775 | Vaults:1 | Upgraded the game from 0.20-a0-924-gfa95efa to 0.20-a0-927-g1ae2c61
 50937 | Vaults:2 | Found Girust's Food Shop.
 51891 | Vaults:2 | Reached XP level 21. HP: 137/137 MP: 24/35
 52232 | Vaults:3 | Received a gift from Okawaru
 52252 | Vaults:3 | Identified a +0 pair of boots of running (Okawaru gifted it to you on level 3 of the Vaults)
 52409 | Vaults:3 | Reached skill level 18 in Dodging
 53553 | Vaults:3 | Found Tola Kugg's Food Shoppe.
 53859 | Vaults:3 | Reached skill level 17 in Fighting
 54177 | Vaults:3 | Reached skill level 19 in Dodging
 54848 | Lair:1   | Learned a level 5 spell: Summon Mana Viper
 54854 | Lair:1   | Learned a level 5 spell: Aura of Abjuration
 55164 | Vaults:4 | Received a gift from Okawaru
 55184 | Vaults:4 | Got a transparent rapier {god gift}
 55215 | Vaults:4 | Identified the +3 rapier "Vieph" {flame, rF- Int-5 Dex+5 Stlth+} (Okawaru gifted it to you on level 4 of the Vaults)
 55318 | Vaults:4 | Noticed Saint Roka
 55410 | Vaults:4 | Killed Saint Roka
 55806 | Vaults:4 | Reached XP level 22. HP: 142/145 MP: 18/36
 55906 | Vaults:4 | Found Moolyurul's Magic Scroll Boutique.
 55914 | Vaults:4 | Bought a scroll of blinking for 75 gold pieces
 55914 | Vaults:4 | Bought a scroll of enchant armour for 75 gold pieces
 56012 | Vaults:4 | Received a gift from Okawaru
 56138 | Vaults:4 | Reached skill level 20 in Dodging
 56334 | Vaults:4 | Reached skill level 8 in Summonings
 57470 | Elf:1    | Entered Level 1 of the Elven Halls
 57485 | Elf:1    | Found a radiant altar of Vehumet.
 57577 | Elf:1    | Reached skill level 18 in Fighting
 58030 | Elf:1    | Reached skill level 9 in Summonings
 58145 | Elf:1    | Found Heyziuts's General Store.
 58413 | Elf:1    | Noticed Asterion
 58439 | Elf:1    | Killed Asterion
 58439 | Elf:1    | Received a gift from Okawaru
 58830 | Elf:1    | Got an ancient ring mail
 58835 | Elf:1    | Identified the cursed +1 ring mail "Juokh" {Slay+2 Stlth+} (You found it on level 1 of the Elven Halls)
 59018 | Lair:1   | Learned a level 6 spell: Shadow Creatures
 59169 | Elf:2    | Found Zoyxia's Distillery.
 59242 | Elf:2    | Found a roughly hewn altar of Beogh.
 59351 | Elf:2    | Found Qanit's Magic Scroll Shop.
 59439 | Elf:2    | Found Zeun's Antique Armour Boutique.
 59637 | Elf:2    | Found Samuom's Weapon Shop.
 59656 | Elf:2    | Found Farovos's Gadget Shop.
 59777 | Elf:2    | Found a huge runed gate.
 59777 | Elf:2    | Found a huge runed gate.
 59778 | Elf:2    | Found a huge runed gate.
 59779 | Elf:2    | Found a huge runed gate.
 59785 | Elf:2    | Found a huge runed gate.
 60092 | Elf:2    | Upgraded the game from 0.20-a0-927-g1ae2c61 to 0.20-a0-939-g04f5055
 60172 | Elf:2    | Reached skill level 10 in Summonings
 60296 | Elf:2    | HP: 42/148 [battleaxe of venom (19)]
 60301 | Elf:2    | HP: 39/148 [poisoned by a battleaxe of venom]
 60306 | Elf:2    | HP: 38/148 [poisoned by a battleaxe of venom]
 60312 | Elf:2    | HP: 38/148 [poisoned by a battleaxe of venom]
 60317 | Elf:2    | HP: 25/148 [poisoned by a battleaxe of venom]
 60322 | Elf:2    | HP: 26/148 [poisoned by a battleaxe of venom]
 60327 | Elf:2    | HP: 27/148 [poisoned by a battleaxe of venom]
 60334 | Elf:2    | HP: 29/148 [poisoned by a battleaxe of venom]
 60339 | Elf:2    | HP: 7/148 [glaive of protection (23)]
 60344 | Elf:2    | HP: 23/148 [poisoned by a battleaxe of venom]
 60351 | Elf:2    | HP: 24/148 [poisoned by a battleaxe of venom]
 60359 | Elf:2    | Reached XP level 23. HP: 26/153 MP: 18/37
 60361 | Elf:2    | HP: 27/153 [poisoned by a battleaxe of venom]
 60371 | Elf:2    | HP: 31/153 [deep elf knight/stone arrow (3)]
 60379 | Elf:2    | HP: 12/153 [battleaxe of electrocution (9)]
 60386 | Elf:2    | HP: 35/153 [battleaxe of electrocution (8)]
 60677 | Elf:2    | Reached skill level 21 in Dodging
 60810 | Elf:3    | Entered Level 3 of the Elven Halls
 60811 | Elf:3    | Gained mutation: You expend magic power (3 MP) to strengthen your wands. [a Zot trap]
 61644 | Elf:3    | Received a gift from Okawaru
 62438 | Elf:2    | Reached skill level 19 in Fighting
 62886 | Elf:3    | Reached skill level 11 in Summonings
 63131 | Elf:2    | Received a gift from Okawaru
 63132 | Elf:2    | Got a fine dagger {god gift}
 63133 | Elf:2    | Identified the +8 dagger of Laanov {speed, rElec MR- Str+2 Dex+8} (Okawaru gifted it to you on level 2 of the Elven Halls)
 63667 | Elf:3    | HP: 29/155 [deep elf sorcerer/damnation (24)]
 64172 | Elf:3    | Got a pitted bronze ring
 64180 | Elf:3    | Got an ichor-stained long sword {slice}
 64185 | Elf:3    | Identified the +6 long sword "Goblin's Bane" {slice, Str+2 Int+3} (You took it off a deep elf annihilator on level 3 of the Elven Halls)
 64285 | Elf:2    | Identified the cursed ring of Pyupefepp {rElec Str+2 Dex-2} (You took it off a deep elf mage on level 3 of the Elven Halls)
 64362 | Elf:3    | Got a dazzling chain mail
 64567 | Lair:1   | Identified the +7 chain mail of Decompression {rF+ Str+8 Dex-3} (You found it on level 3 of the Elven Halls)
 64618 | Lair:1   | Upgraded the game from 0.20-a0-939-g04f5055 to 0.20-a0-941-gba1b1f9
 64814 | Elf:3    | Got an ancient chain mail
 64834 | Elf:3    | Identified the +1 chain mail of Tieghed {+Inv rN+} (You found it on level 3 of the Elven Halls)
 65276 | Crypt:1  | Entered Level 1 of the Crypt
 65378 | Crypt:1  | Noticed Frederick
 65400 | Crypt:1  | Killed Frederick
 65583 | Crypt:1  | Received a gift from Okawaru
 65584 | Crypt:1  | Got a shimmering quick blade {god gift}
 65588 | Crypt:1  | Identified the +6 quick blade "Gytriusch" {protect, Str-3 Dex+3 Stlth+} (Okawaru gifted it to you on level 1 of the Crypt)
 66013 | Crypt:1  | Upgraded the game from 0.20-a0-941-gba1b1f9 to 0.20-a0-945-g3bf614a
 66270 | Crypt:1  | Reached skill level 12 in Summonings
 66367 | Crypt:1  | Reached skill level 20 in Fighting
 66718 | Crypt:2  | Reached XP level 24. HP: 103/163 MP: 37/37
 66874 | Crypt:2  | HP: 44/163 [??? (41)]
 66880 | Crypt:2  | HP: 25/163 [??? (22)]
 67240 | Crypt:2  | HP: 45/163 [??? (43)]
 67250 | Crypt:2  | HP: 37/163 [flayed ghost/flay_damage[a curse skull] (10)]
 67254 | Crypt:2  | Reached skill level 22 in Dodging
 67566 | Crypt:2  | Reached skill level 1 in Long Blades
 67648 | Crypt:2  | Received a gift from Okawaru
 67649 | Crypt:2  | Got a shimmering hat {god gift}
 67660 | Crypt:2  | Identified the +1 hat "Gazix" {Int-4 Dex+5} (Okawaru gifted it to you on level 2 of the Crypt)
 68016 | Crypt:3  | Entered Level 3 of the Crypt
 68352 | Crypt:3  | Reached skill level 2 in Long Blades
 68362 | Crypt:3  | HP: 48/164 [skeletal warrior/hand axe (3)]
 68371 | Crypt:3  | HP: 47/164 [skeletal warrior/hand axe (4)]
 68378 | Crypt:3  | HP: 42/164 [skeletal warrior/hand axe (4)]
 68388 | Crypt:3  | HP: 22/164 [skeletal warrior/trident (17)]
 68796 | Crypt:3  | HP: 47/164 [flayed ghost[a death knight] (9)]
 68930 | Crypt:3  | Found a staircase to the Tomb.
 69135 | Crypt:3  | Reached skill level 3 in Long Blades
 69143 | Crypt:3  | HP: 23/164 [eidolon/bolt of negative energy (33)]
 69154 | Crypt:3  | HP: 12/164 [eidolon (14)]
 70338 | Crypt:3  | Reached skill level 21 in Fighting
 70365 | Crypt:3  | Reached skill level 13 in Summonings
 70386 | Crypt:3  | HP: 49/166 [titan skeleton (16)]
 70393 | Crypt:3  | HP: 8/166 [vampire knight/vampiric draining (26)]
 70400 | Crypt:3  | HP: 5/166 [something (3)]
 70405 | Crypt:3  | HP: 33/166 [vampire knight (6)]
 70416 | Crypt:3  | HP: 28/166 [vampire knight (8)]
 70422 | Crypt:3  | HP: 22/166 [vampire knight/vampiric draining (8)]
 70441 | Crypt:3  | HP: 23/166 [??? (20)]
 70445 | Crypt:3  | Found a basalt altar of Yredelemnul.
 70558 | Crypt:2  | Reached skill level 4 in Long Blades
 71172 | Crypt:2  | HP: 43/166 [anaconda simulacrum[a necromancer] (8)]
 71391 | Crypt:3  | HP: 64/249 [??? (62)]
 72153 | Crypt:3  | Reached skill level 5 in Long Blades
 72229 | Crypt:3  | Received a gift from Okawaru
 72557 | Crypt:3  | Noticed an ancient lich
 72810 | Crypt:3  | Killed an ancient lich
 73209 | Crypt:3  | Reached XP level 25. HP: 172/172 MP: 35/37
 73993 | Depths:1 | Entered Level 1 of the Depths
 73993 | Depths:1 | Found a gateway to Hell.
 74064 | Depths:1 | Received a gift from Okawaru
 74137 | Depths:1 | Found a one-way gate to the infinite horrors of the Abyss.
 74168 | Depths:1 | Reached skill level 22 in Fighting
 74168 | Depths:1 | Reached skill level 6 in Long Blades
 74235 | Depths:1 | HP: 34/173 [vampire knight/vampiric draining (26)]
 74803 | Depths:1 | HP: 43/173 [yaktaur/bolt (18)]
 74810 | Depths:1 | HP: 29/174 [yaktaur (14)]
 75030 | Depths:1 | Found Witigeut's Weapon Boutique.
 75395 | Depths:1 | Reached skill level 7 in Long Blades
 75769 | Depths:1 | Received a gift from Okawaru
 75857 | Depths:2 | Noticed the Enchantress
 76523 | Depths:2 | Killed the Enchantress
 76580 | Depths:2 | Got faerie dragon scales
 76662 | Depths:2 | Identified the +3 faerie dragon scales {rPois rCorr} (You took it off the Enchantress on level 2 of the Depths)
 76711 | Depths:2 | Reached skill level 8 in Long Blades
 76804 | Depths:2 | Reached skill level 1 in Charms
 76804 | Depths:2 | Reached skill level 1 in Necromancy
 76954 | Depths:2 | Reached skill level 2 in Necromancy
 77279 | Depths:2 | Reached skill level 2 in Charms
 77644 | Depths:1 | Reached skill level 3 in Necromancy
 78350 | Depths:2 | Found a glowing silver altar of Zin.
 78350 | Depths:2 | Noticed Mennas
 78396 | Depths:2 | HP: 41/175 [Mennas/eudemon blade of holy wrath (15)]
 78397 | Depths:2 | HP: 12/175 [Mennas/eudemon blade of holy wrath (9)]
 78402 | Depths:2 | HP: 23/175 [Mennas/eudemon blade of holy wrath (14)]
 78572 | Depths:1 | HP: 47/175 [hell knight/long sword of flaming (10)]
 78573 | Depths:1 | Reached skill level 3 in Charms
 78579 | Depths:1 | HP: 29/175 [hell knight simulacrum[a necromancer] (7)]
 79110 | Depths:2 | Reached skill level 4 in Necromancy
 79654 | Depths:2 | Killed Mennas
 79717 | Depths:2 | Upgraded the game from 0.20-a0-945-g3bf614a to 0.20-a0-947-g2784f4f
 79746 | Depths:2 | Reached skill level 4 in Charms
 79748 | Depths:2 | Reached skill level 9 in Long Blades
 79762 | Depths:2 | Received a gift from Okawaru
 79787 | Depths:2 | Got a shadowed robe {god gift}
 80132 | Depths:3 | Reached skill level 5 in Necromancy
 80132 | Depths:3 | Reached XP level 26. HP: 180/180 MP: 28/37
 80136 | Depths:3 | Identified the +2 robe of Bitterness {MR++ Int+4 Dex-3 Slay+4} (Okawaru gifted it to you on level 2 of the Depths)
 80406 | Depths:3 | Found a gateway to a ziggurat.
 80476 | Depths:3 | Reached skill level 5 in Charms
 81444 | Depths:3 | Reached skill level 10 in Long Blades
 81855 | Depths:3 | Got an ancient buckler
 81880 | Depths:3 | Identified the +0 buckler of the Gastropod {-Cast rC+ Int+8} (You took it off a skeletal warrior on level 3 of the Depths)
 82928 | Depths:3 | Found a one-way gate leading to the halls of Pandemonium.
 83125 | Depths:3 | Received a gift from Okawaru
 83156 | Depths:3 | Reached skill level 13 in Armour
 83158 | Depths:3 | Got a faintly glowing ring mail {god gift}
 83242 | Depths:3 | Got an ancient golden ring
 83289 | Depths:3 | Identified the Tome of the Unstable Rocks
 83298 | Depths:3 | Identified the Collected Works on Flamy Flight
 83303 | Depths:3 | Learned a level 2 spell: Swiftness
 83324 | Depths:3 | Identified a +1 pair of boots of running (You found it on level 3 of the Depths)
 83336 | Depths:3 | Identified the +0 ring mail of Qiwufel {-Cast rElec rN+++ Str-5} (Okawaru gifted it to you on level 3 of the Depths)
 83339 | Depths:3 | Identified the ring "Tiplosabbo" {rCorr +Inv rElec rF- rN+++ Str+3} (You took it off a deep elf sorcerer on level 3 of the Depths)
 83649 | Depths:4 | Reached skill level 11 in Long Blades
 83980 | Depths:4 | Noticed a juggernaut
 84002 | Depths:4 | Killed a juggernaut
 84730 | Depths:4 | Reached XP level 27. HP: 160/186 MP: 28/37
 84731 | Depths:4 | Paralysed by a floating eye for 4 turns
 85000 | Depths:4 | Reached skill level 12 in Long Blades
 85306 | Depths:4 | Noticed a juggernaut
 85328 | Depths:4 | Killed a juggernaut
 85328 | Depths:4 | Reached skill level 14 in Armour
 85672 | Depths:4 | Got a bound bone ring
 85673 | Depths:4 | Identified the cursed ring "Maumumno" {rN+ Str-2} (You found it on level 4 of the Depths)
 85789 | Depths:4 | Received a gift from Okawaru
 86374 | Depths:5 | Entered Level 5 of the Depths
 86437 | Depths:5 | Received a gift from Okawaru
 86636 | Depths:5 | HP: 54/186 [ettin (27)]
 86643 | Depths:5 | HP: 54/186 [white draconian/chilling blast (2)]
 86654 | Depths:5 | HP: 46/186 [white draconian (12)]
 87523 | Depths:5 | HP: 36/186 [reaper/scythe of flaming[a deep elf high priest] (32)]
 88493 | Depths:5 | Reached skill level 13 in Long Blades
 88828 | Depths:5 | Found a gate to the Realm of Zot.
 89159 | Depths:4 | Reached skill level 15 in Armour
 89799 | Vaults:5 | Entered Level 5 of the Vaults
 90016 | Vaults:4 | Received a gift from Okawaru
 90071 | Vaults:4 | Got a transparent hat {god gift}
 90088 | Vaults:4 | Identified the +2 hat of the Realm of Zot {rElec rN++ Str-5 Int+4 Dex+4} (Okawaru gifted it to you on level 4 of the Vaults)
 90089 | Vaults:4 | Upgraded the game from 0.20-a0-947-g2784f4f to 0.20-a0-949-g916514f
 90937 | Vaults:5 | Upgraded the game from 0.20-a0-949-g916514f to 0.20-a0-959-gdc9e609
 91334 | Vaults:5 | Reached skill level 16 in Armour
 91340 | Vaults:5 | Noticed Boris
 91731 | Vaults:4 | Killed Boris
 92411 | Vaults:5 | Received a gift from Okawaru
 92689 | Vaults:5 | Reached skill level 17 in Armour
 92898 | Vaults:5 | Got a slimy ring mail
 92901 | Vaults:5 | Got a silver rune of Zot
 92928 | Vaults:5 | Identified the +4 ring mail "Xoneta" {+Inv rC+ Int-5 SInv} (You found it on level 5 of the Vaults)
 93316 | Vaults:5 | Upgraded the game from 0.20-a0-959-gdc9e609 to 0.20-a0-967-g62cfa5d
 93466 | Vaults:5 | Received a gift from Okawaru
 94077 | Vaults:5 | Reached skill level 18 in Armour
 94225 | Vaults:5 | Found Tommutoim's Magic Scroll Shoppe.
 94234 | Vaults:5 | Bought a scroll of blinking for 120 gold pieces
 94764 | Vaults:5 | Got a twisted long sword
 94765 | Vaults:5 | Identified the +4 long sword "Simam" {slice, rC- Str+3 Dex+3 Stlth+} (You found it on level 5 of the Vaults)
 95565 | Zot:1    | Entered Level 1 of the Realm of Zot
 95978 | Depths:5 | Reached skill level 19 in Armour
 96010 | Depths:5 | Received a gift from Okawaru
 96821 | Zot:1    | Received a gift from Okawaru
 96826 | Zot:1    | Got a shimmering scimitar {god gift}
 96832 | Zot:1    | Identified the +4 scimitar of Subterfuge {distort, rN+ Str+6} (Okawaru gifted it to you on level 1 of the Realm of Zot)
 97359 | Zot:1    | Reached skill level 20 in Armour
 97465 | Zot:1    | Received a gift from Okawaru
 97498 | Zot:1    | Got a creamy pearl robe {god gift}
 97522 | Zot:1    | Got a brightly glowing lead amulet
 97547 | Zot:1    | Got a vibrating ivory ring
 97555 | Zot:1    | Identified the amulet "Veyh" {+Rage rC++} (You found it on level 1 of the Realm of Zot)
 97556 | Zot:1    | Identified the ring "Vopemn" {Wiz +Blink rPois Stlth-} (You found it on level 1 of the Realm of Zot)
 97557 | Zot:1    | Identified the +1 robe of Disaster {rPois rF- rN++} (Okawaru gifted it to you on level 1 of the Realm of Zot)
 97675 | Zot:1    | Reached skill level 23 in Fighting
 98742 | Zot:2    | Got a dazzling chain mail
 98743 | Zot:2    | Identified the +4 chain mail of the Accordion {Str+3 Int+6 Stlth-} (You found it on level 2 of the Realm of Zot)
 98854 | Zot:2    | Noticed an orb of fire
 99069 | Zot:3    | Received a gift from Okawaru
 99297 | Zot:3    | Upgraded the game from 0.20-a0-967-g62cfa5d to 0.20-a0-971-g5896763
 99422 | Zot:3    | Reached skill level 24 in Fighting
 99503 | Zot:3    | HP: 40/190 [yellow draconian annihilator/crystal spear (83)]
 99526 | Zot:3    | HP: 43/190 [green draconian/flail of protection (7)]
 99543 | Zot:3    | HP: 49/190 [green draconian/flail of protection (11)]
 99948 | Zot:3    | Reached skill level 21 in Armour
100246 | Zot:3    | Received a gift from Okawaru
100969 | Zot:4    | HP: 56/190 [poisoned by a death drake (foul vapour)]
100974 | Zot:4    | HP: 46/190 [poisoned by a death drake (foul vapour)]
100979 | Zot:4    | HP: 26/190 [poisoned by a death drake (foul vapour)]
100985 | Zot:4    | HP: 40/192 [poisoned by a death drake (foul vapour)]
100986 | Zot:4    | HP: 19/192 [tentacled monstrosity (4)]
100995 | Zot:4    | HP: 18/192 [death cob (8)]
101164 | Zot:4    | Got a coiled jade ring
101165 | Zot:4    | Identified the ring of Cedun {rPois Str+4 Int+2 Dex+8 Slay-4} (You acquired it on level 4 of the Realm of Zot)
101366 | Zot:4    | HP: 54/191 [death drake][a yellow draconian stormcaller] (9)]
101870 | Zot:4    | Received a gift from Okawaru
102040 | Zot:3    | Upgraded the game from 0.20-a0-971-g5896763 to 0.20-a0-984-ge8aa303
102166 | Zot:4    | Reached skill level 25 in Fighting
102875 | Zot:4    | Upgraded the game from 0.20-a0-984-ge8aa303 to 0.20-a0-993-gba41c3c
103437 | Elf:2    | Bought a potion of curing for 57 gold pieces
103437 | Elf:2    | Bought a potion of curing for 57 gold pieces
103437 | Elf:2    | Bought a potion of cancellation for 152 gold pieces
103437 | Elf:2    | Bought a potion of heal wounds for 95 gold pieces
103437 | Elf:2    | Bought a potion of curing for 57 gold pieces
103437 | Elf:2    | Bought a potion of heal wounds for 95 gold pieces
103437 | Elf:2    | Bought a potion of mutation for 152 gold pieces
103437 | Elf:2    | Bought a potion of heal wounds for 95 gold pieces
103568 | Orc:2    | Bought a scroll of teleportation for 42 gold pieces
103634 | Orc:1    | Bought a scroll of teleportation for 60 gold pieces
103634 | Orc:1    | Bought a potion of curing for 60 gold pieces
103634 | Orc:1    | Bought a potion of might for 80 gold pieces
103706 | Orc:1    | Bought a potion of resistance for 140 gold pieces
103706 | Orc:1    | Bought a potion of haste for 140 gold pieces
103706 | Orc:1    | Bought a potion of haste for 140 gold pieces
103706 | Orc:1    | Bought a potion of might for 56 gold pieces
103706 | Orc:1    | Bought a potion of curing for 42 gold pieces
103868 | D:6      | Bought a potion of haste for 110 gold pieces
104006 | Elf:1    | Bought a potion of might for 68 gold pieces
104186 | Snake:3  | Bought a potion of might for 64 gold pieces
104186 | Snake:3  | Bought a potion of might for 64 gold pieces
104186 | Snake:3  | Bought a potion of resistance for 160 gold pieces
104701 | Zot:5    | Entered Level 5 of the Realm of Zot
105419 | Zot:5    | Reached skill level 22 in Armour
105504 | Zot:5    | Received a gift from Okawaru
105664 | Zot:5    | Noticed an ancient lich
105684 | Zot:5    | Killed an ancient lich
105715 | Zot:5    | Noticed an ancient lich
105743 | Zot:5    | Killed an ancient lich
105839 | Zot:5    | Noticed an orb of fire
105875 | Zot:5    | Reached skill level 9 in Invocations
105903 | Zot:5    | HP: 21/195 [orb of fire/bolt of fire (56)]
105904 | Zot:5    | Killed from afar by an orb of fire

Vault maps used:
D:1:      dpeg_arrival_three_same_balls, serial_bayou_pond_b,
          serial_bayou_lagoon_b
D:2:      minmay_wonky_spiral, grunt_temple_overflow_open,
          chequers_ecumenical_altar_lobes
D:3:      nicolae_overflow_crystal_walls, first_bread
D:4:      overflow_temple_1_default, uniq_iyjb, uniq_crazy_yiuf_cottage
D:5:      corexii_shantytown, kennysheep_mini, gammafunk_temple_overflow_pools,
          nemelex_xobeh_ov_fountains_minmay, uniq_pikel
D:6:      basic_altar, serial_shops, shop, shop, shop
D:7:      lemuel_crystal_altar, marbit_many_paths, temple_hall, minivault_1
D:8:      lair_entry_dummy, serial_shops, shop
D:9:      kiku_gazebo_garden_becter
D:10:     orc_0_dummy, special_room
D:11:     hangedman_stone_soup, uniq_erolcha
D:12:     enter_bailey_3, minmay_the_grid_3x3
D:13:     erik_vaults_2
D:15:     grunt_enter_depths_snipers, serial_park_paths, basic_altar
Temple:   compressed_dpeg_circular_temple
Lair:1:   serial_bayou_shore_a, serial_bayou_shore_b, grunt_megastairs_4
Lair:2:   mu_elephants_graveyard, guppyfry_snake_entry_island,
          portal_ice_cave_rime
Lair:3:   minmay_swamp_entry_worms, infiniplex_staircase_pool,
          grunt_megastairs_3
Lair:4:   serial_bayou_shore_b, lemuel_fruit_tree, serial_bayou_shore_b
Lair:5:   slime_altar_1, uniq_nessos
Lair:6:   guppyfry_lair_end_dragon, serial_bayou_pond_d, lemuel_old_faithful
Swamp:1:  evilmike_swamp_ruin_house_2, uniq_josephine
Swamp:2:  hangedman_swamp_pad, uniq_aizul
Swamp:3:  evilmike_swamp_ruin_house_1
Swamp:4:  grunt_swamp_rune_castle, swamp_pool1, uniq_bai_suzhen
Snake:2:  serial_shops, nicolae_shop_temple_entry_statues_fountains,
          uniq_roxanne, uniq_donald
Snake:3:  serial_shops, shop_statue, corexii_hall_statues_x,
          basic_stair_grate_trap, uniq_jorgrun, uniq_vashnia, uniq_louise
Snake:4:  johnstein_snake_rune_scales
Orc:1:    basic_altar, serial_shops, nicolae_shop_crystal, shop,
          nicolae_shop_stone, shop, shop
Orc:2:    st_orc_mages, serial_shops, nicolae_shop_crystal
Elf:1:    eino_elf_arrival_altar, serial_shops, shop, evilmike_minifort,
          elves_outpost_lemuel, uniq_asterion
Elf:2:    serial_shops, shop, shop, shop, shop_statue,
          nicolae_shop_behind_doors, special_room
Elf:3:    minmay_elf_hall_furrowed, minmay_misc_feat_diagonals
Vaults:1: dpeg_vaults_monster_box, nicolae_vaults_halls_meeting, v_misc_5,
          ontoclasm_vaults_pinch, v_misc_31, nicolae_vaults_ring_of_whatevers,
          ontoclasm_vaults_gateway, nicolae_vaults_shelves_hall,
          hangedman_vaults_locks, v_misc_9
Vaults:2: vaults_room_stairs_pillars, vaults_dpeg_ring, vaults_room_ringed_pool,
          nicolae_vaults_theta, vaults_dpeg_hooks, dummy_crypt_entry,
          serial_shops, shop, shop, shop, nicolae_shop_trees
Vaults:3: nicolae_vaults_network_periphery, nicolae_vaults_sealed_display,
          nicolae_vaults_big_ls, vaults_room_boxed, ontoclasm_vaults_shuriken,
          vaults_room_door_hall, hangedman_vaults_snaps, vaults_room_hallway,
          serial_shops, nicolae_shop_waterfront
Vaults:4: vaults_standard_mumra_lines, nicolae_vaults_quartermaster,
          nicolae_vaults_specimen_jars, v_misc_33, v_misc_3, vaults_room_fours,
          nicolae_vaults_network_quincunx, v_pattern_1,
          grunt_vaults_hallway_short, ontoclasm_vaults_loading_screen,
          vaults_dpeg_encased_lava, v_misc_8, nicolae_vaults_rhombus_5,
          serial_shops, nicolae_shop_statue_plus, uniq_saint_roka
Vaults:5: serial_shops, uniq_boris
Crypt:1:  minmay_misc_feat_five, uniq_frederick
Crypt:2:  library_closet
Crypt:3:  church_of_pain_bobbens, tomb_entry_forgotten_bobbens,
          nicolae_crypt_ancient_font
Depths:1: hell_entry, abyss_entry, serial_shops, nicolae_shop_waterfront,
          nrook_pool_corridor, lemuel_nasty_fountain
Depths:2: evilmike_silver_temple, hangedman_decor_opposing, hell_entry,
          uniq_enchantress
Depths:3: hangedman_six_sided_sadism, enter_ziggurat_b,
          hangedman_abyss_or_decor_lesser_grid, grunt_pan_entry_zigzag,
          hell_entry
Depths:4: minmay_box_of_curves, grunt_hell_entry_dis_grunt, abyss_entry,
          minmay_staircase_windowed_small
Depths:5: grunt_twist_and_shout, hangedman_geh_valley, grunt_pan_entry_sceptre,
          serial_bayou_pond_a, nrook_mini_vaults
Zot:1:    grunt_ministairs_14, st_stairs_11, st_large_dragon_hoard_2
Zot:2:    kennysheep_room_grid, grunt_ministairs_14, st_stairs_5, nrook_zot_tub
Zot:4:    st_stairs_4
Bailey:   bailey_axe_of_yendor_kennysheep, bailey
IceCv:    ice_cave_caverns_01

Skill      XL: |  1  2  3  4  5  6  7  8  9 10 11 12 13 14 15 16 17 18 19 20 21 22 23 24 25 26 27 |
---------------+----------------------------------------------------------------------------------+-----
Short Blades   | 2 3 4 6 8 9 10 | 10.0
Hexes          | 4 5 6 7 14 | 14.0
Invocations    | 1 2 5 8 9 |  9.0
Fighting       | 1 4 7 9 11 12 14 15 16 17 18 20 21 22 25 | 25.8
Spellcasting   | 3 5 7 8 9 10 | 10.8
Armour         | 3 5 7 8 9 10 11 12 13 22 | 22.0
Translocations | 4 6 7 |  7.0
Dodging        | 5 9 10 11 14 17 19 20 21 22 | 22.0
Evocations     | 4 8 12 | 12.0
Stealth        | 7 8 |  8.1
Shields        | 5 |  5.6
Summonings     | 2 7 10 12 13 | 13.7
Long Blades    | 5 9 11 13 | 13.5
Charms         | 4 5 |  5.0
Necromancy     | 5 |  5.0

Action                   |  1- 3 |  4- 6 |  7- 9 | 10-12 | 13-15 | 16-18 | 19-21 | 22-24 | 25-27 || total
-------------------------+-------+-------+-------+-------+-------+-------+-------+-------+-------++-------
Melee: Dagger            |   130 |   215 |   279 |   447 |   925 |   980 |   686 |     5 |     4 ||  3671
       Punch             |       |       |     1 |     1 |     2 |     1 |       |       |       ||     5
       Quick blade       |       |       |       |       |       |       |  1087 |  3882 |  4551 ||  9520
       Scimitar          |       |       |       |       |       |       |       |    26 |   272 ||   298
       Eudemon blade     |       |       |       |       |       |       |       |       |   830 ||   830
Throw: Stone             |     8 |       |       |       |       |       |       |       |       ||     8
       Tomahawk          |       |       |       |       |       |       |       |     1 |       ||     1
 Cast: Corona            |    26 |     6 |     1 |     1 |     5 |     4 |     5 |       |     3 ||    51
       Ensorcelled Hiber |     5 |    17 |     5 |    22 |   236 |   232 |   129 |    24 |    78 ||   748
       Confuse           |     1 |     4 |     8 |    94 |   200 |   246 |   153 |   150 |   424 ||  1280
       Tukima's Dance    |       |       |     2 |       |    60 |    83 |   167 |   224 |   315 ||   851
       Spectral Weapon   |       |       |       |       |       |    63 |   109 |   138 |   234 ||   544
       Blink             |       |       |       |       |       |     3 |     1 |     9 |    10 ||    23
       Aura of Abjuratio |       |       |       |       |       |       |       |    19 |    12 ||    31
       Shadow Creatures  |       |       |       |       |       |       |       |     8 |     5 ||    13
       Apportation       |       |       |       |       |       |       |       |       |     1 ||     1
       Dazzling Spray    |       |       |       |       |       |       |       |       |     1 ||     1
Invok: Heroism           |       |       |     1 |     6 |    16 |    14 |     9 |    21 |    14 ||    81
       Finesse           |       |       |       |       |       |       |       |     2 |     1 ||     3
 Abil: Evoke Flight      |       |       |       |       |     2 |     3 |       |       |       ||     5
       Evoke Invisibilit |       |       |       |       |     2 |     1 |     1 |     1 |       ||     5
       Evoke Berserk Rag |       |       |       |       |     1 |     5 |     4 |     3 |     7 ||    20
Evoke: Wand              |       |       |       |     2 |     3 |     2 |     1 |       |     1 ||     9
       Box of beasts     |       |       |       |       |       |     1 |       |       |       ||     1
       Sack of spiders   |       |       |       |       |       |       |       |       |     1 ||     1
  Use: Scroll            |       |    11 |     6 |     7 |    20 |     9 |     1 |    15 |    35 ||   104
       Potion            |       |       |     1 |     2 |     1 |    11 |       |     5 |    13 ||    33
 Stab: Sleeping          |     5 |    21 |    15 |    10 |   144 |   151 |    95 |    43 |    50 ||   534
       Confused          |       |       |     5 |    62 |    91 |   103 |    73 |    85 |   270 ||   689
       Distracted        |       |       |       |     1 |     5 |    10 |    30 |    70 |   100 ||   216
       Invisible         |       |       |       |       |     1 |       |     3 |     2 |       ||     6
       Paralysed         |       |       |       |       |       |     1 |       |       |       ||     1
  Eat: Chunk             |    11 |    13 |     9 |    23 |    48 |    54 |    44 |    41 |   114 ||   357
       Royal jelly       |       |       |       |       |       |       |       |     6 |     2 ||     8
Armor: Robe              |    11 |    26 |     2 |       |       |       |       |       |       ||    39
       Ring mail         |       |       |    45 |       |       |       |       |       |       ||    45
       Scale mail        |       |       |     3 |   138 |   261 |   281 |       |       |       ||   683
       Troll leather arm |       |       |       |       |       |    71 |   190 |   264 |    49 ||   574
       Acid dragon scale |       |       |       |       |       |       |       |       |   767 ||   767
Dodge: Dodged            |   105 |   133 |   133 |   133 |   436 |   822 |   878 |  1480 |  3460 ||  7580
Block: Buckler           |       |       |       |       |       |   294 |   381 |   563 |  1322 ||  2560
       Rpst.: Scimitar   |       |       |       |       |       |       |       |     1 |    47 ||    48
       Eudemon blade     |       |       |       |       |       |       |       |       |   100 ||   100

Table legend:
 A = Turns spent in this place as a percentage of turns spent in the entire game.
 B = Non-inter-level travel turns spent in this place as a percentage of non-inter-level travel turns spent in the entire game.
 C = Inter-level travel turns spent in this place as a percentage of turns spent in this place.
 D = Turns resting spent in this place as a percentage of non-inter-level travel turns spent in this place.
 E = Turns spent auto-exploring this place as a percentage of non-inter-level travel turns spent in this place.
 F = Non-inter-level travel turns spent in this place divided by the number of levels of this place that you've seen.
                   A       B       C       D       E      F
               +-------+-------+-------+-------+-------+----------------------
         Total | 100.0 | 100.0 |   0.4 |   2.9 |   2.7 | 889.1
       Dungeon |  12.8 |  12.8 |   0.7 |   2.9 |   5.9 | 417.5
        Temple |   0.0 |   0.0 |   7.1 |   0.0 |  92.3 |  13.0
          Lair |   8.2 |   8.2 |   1.1 |   3.0 |   3.6 | 666.0
         Swamp |   6.1 |   6.1 |   0.4 |   4.7 |   3.2 | 749.2
     Snake Pit |   7.6 |   7.6 |   0.3 |   4.6 |   3.4 | 932.8
  Orcish Mines |   2.1 |   2.1 |   1.1 |   1.5 |   2.2 | 501.5
   Elven Halls |   8.8 |   8.8 |   0.2 |   2.2 |   1.8 | 1438.7
        Vaults |  18.0 |  18.1 |   0.2 |   2.4 |   1.8 | 1766.6
         Crypt |   9.4 |   9.4 |   0.2 |   2.1 |   1.8 | 1533.7
        Depths |  15.0 |  15.0 |   0.4 |   2.9 |   2.1 | 1464.0
           Zot |  10.5 |  10.6 |   0.2 |   2.8 |   1.8 | 1032.2
        Bailey |   1.1 |   1.1 |   0.0 |   2.6 |   0.2 | 542.0
      Ice Cave |   0.3 |   0.3 |   0.0 |   3.2 |   0.8 | 124.0
               +-------+-------+-------+-------+-------+----------------------

Vault maps used:
D:1:      dpeg_arrival_three_same_balls, serial_bayou_pond_b,
          serial_bayou_lagoon_b
D:2:      minmay_wonky_spiral, grunt_temple_overflow_open,
          chequers_ecumenical_altar_lobes
D:3:      nicolae_overflow_crystal_walls, first_bread
D:4:      overflow_temple_1_default, uniq_iyjb, uniq_crazy_yiuf_cottage
D:5:      corexii_shantytown, kennysheep_mini, gammafunk_temple_overflow_pools,
          nemelex_xobeh_ov_fountains_minmay, uniq_pikel
D:6:      basic_altar, serial_shops, shop, shop, shop
D:7:      lemuel_crystal_altar, marbit_many_paths, temple_hall, minivault_1
D:8:      lair_entry_dummy, serial_shops, shop
D:9:      kiku_gazebo_garden_becter
D:10:     orc_0_dummy, special_room
D:11:     hangedman_stone_soup, uniq_erolcha
D:12:     enter_bailey_3, minmay_the_grid_3x3
D:13:     erik_vaults_2
D:15:     grunt_enter_depths_snipers, serial_park_paths, basic_altar
Temple:   compressed_dpeg_circular_temple
Lair:1:   serial_bayou_shore_a, serial_bayou_shore_b, grunt_megastairs_4
Lair:2:   mu_elephants_graveyard, guppyfry_snake_entry_island,
          portal_ice_cave_rime
Lair:3:   minmay_swamp_entry_worms, infiniplex_staircase_pool,
          grunt_megastairs_3
Lair:4:   serial_bayou_shore_b, lemuel_fruit_tree, serial_bayou_shore_b
Lair:5:   slime_altar_1, uniq_nessos
Lair:6:   guppyfry_lair_end_dragon, serial_bayou_pond_d, lemuel_old_faithful
Swamp:1:  evilmike_swamp_ruin_house_2, uniq_josephine
Swamp:2:  hangedman_swamp_pad, uniq_aizul
Swamp:3:  evilmike_swamp_ruin_house_1
Swamp:4:  grunt_swamp_rune_castle, swamp_pool1, uniq_bai_suzhen
Snake:2:  serial_shops, nicolae_shop_temple_entry_statues_fountains,
          uniq_roxanne, uniq_donald
Snake:3:  serial_shops, shop_statue, corexii_hall_statues_x,
          basic_stair_grate_trap, uniq_jorgrun, uniq_vashnia, uniq_louise
Snake:4:  johnstein_snake_rune_scales
Orc:1:    basic_altar, serial_shops, nicolae_shop_crystal, shop,
          nicolae_shop_stone, shop, shop
Orc:2:    st_orc_mages, serial_shops, nicolae_shop_crystal
Elf:1:    eino_elf_arrival_altar, serial_shops, shop, evilmike_minifort,
          elves_outpost_lemuel, uniq_asterion
Elf:2:    serial_shops, shop, shop, shop, shop_statue,
          nicolae_shop_behind_doors, special_room
Elf:3:    minmay_elf_hall_furrowed, minmay_misc_feat_diagonals
Vaults:1: dpeg_vaults_monster_box, nicolae_vaults_halls_meeting, v_misc_5,
          ontoclasm_vaults_pinch, v_misc_31, nicolae_vaults_ring_of_whatevers,
          ontoclasm_vaults_gateway, nicolae_vaults_shelves_hall,
          hangedman_vaults_locks, v_misc_9
Vaults:2: vaults_room_stairs_pillars, vaults_dpeg_ring, vaults_room_ringed_pool,
          nicolae_vaults_theta, vaults_dpeg_hooks, dummy_crypt_entry,
          serial_shops, shop, shop, shop, nicolae_shop_trees
Vaults:3: nicolae_vaults_network_periphery, nicolae_vaults_sealed_display,
          nicolae_vaults_big_ls, vaults_room_boxed, ontoclasm_vaults_shuriken,
          vaults_room_door_hall, hangedman_vaults_snaps, vaults_room_hallway,
          serial_shops, nicolae_shop_waterfront
Vaults:4: vaults_standard_mumra_lines, nicolae_vaults_quartermaster,
          nicolae_vaults_specimen_jars, v_misc_33, v_misc_3, vaults_room_fours,
          nicolae_vaults_network_quincunx, v_pattern_1,
          grunt_vaults_hallway_short, ontoclasm_vaults_loading_screen,
          vaults_dpeg_encased_lava, v_misc_8, nicolae_vaults_rhombus_5,
          serial_shops, nicolae_shop_statue_plus, uniq_saint_roka
Vaults:5: serial_shops, uniq_boris
Crypt:1:  minmay_misc_feat_five, uniq_frederick
Crypt:2:  library_closet
Crypt:3:  church_of_pain_bobbens, tomb_entry_forgotten_bobbens,
          nicolae_crypt_ancient_font
Depths:1: hell_entry, abyss_entry, serial_shops, nicolae_shop_waterfront,
          nrook_pool_corridor, lemuel_nasty_fountain
Depths:2: evilmike_silver_temple, hangedman_decor_opposing, hell_entry,
          uniq_enchantress
Depths:3: hangedman_six_sided_sadism, enter_ziggurat_b,
          hangedman_abyss_or_decor_lesser_grid, grunt_pan_entry_zigzag,
          hell_entry
Depths:4: minmay_box_of_curves, grunt_hell_entry_dis_grunt, abyss_entry,
          minmay_staircase_windowed_small
Depths:5: grunt_twist_and_shout, hangedman_geh_valley, grunt_pan_entry_sceptre,
          serial_bayou_pond_a, nrook_mini_vaults
Zot:1:    grunt_ministairs_14, st_stairs_11, st_large_dragon_hoard_2
Zot:2:    kennysheep_room_grid, grunt_ministairs_14, st_stairs_5, nrook_zot_tub
Zot:4:    st_stairs_4
Bailey:   bailey_axe_of_yendor_kennysheep, bailey
IceCv:    ice_cave_caverns_01
